[Event "Czech Extraliga 2023-24"]
[Site "Czech Republic"]
[Date "2024.04.06"]
[Round "10.2"]
[White "Kobo, Ori"]
[Black "Baidetskyi, Valentin"]
[Result "1/2-1/2"]
[ECO "E68"]
[WhiteElo "2530"]
[BlackElo "2485"]
[Annotator "TA"]
[PlyCount "85"]
[EventDate "2023.10.14"]
[EventCountry "CZE"]
[SourceTitle "playchess.com"]
[Source "ChessBase"]
[SourceQuality "1"]
[TimeControl "40/5400+30:1800+30"]

1. Nf3 Nf6 2. c4 g6 3. g3 Bg7 4. Bg2 O-O 5. Nc3 d6 6. d4 Nbd7 7. O-O e5 8. e4 exd4 9. Nxd4 Re8 10. Be3 Nc5 11. f3 Nfd7 12. Qd2 c6 13. Rad1 a5 {[%emt 0:05:13] White is slightly better.} 14. b3 Qe7 15. Rfe1 Ne5 16. Qc2 a4 17. h3 (17. bxa4 Nxc4 18. Bf2 Nb6 $11) (17. Nxa4 Nxa4 18. bxa4 c5) 17... axb3 18. axb3 Na6 19. f4 (19. Qa2 $1 $14) 19... Nb4 $11 20. Qb1 Nd7 21. Bf2 Nc5 22. Na4 Nxa4 23. bxa4 {[%emt 0:00:04] Threatens to win with Nf5.} Na6 24. a5 Nc5 25. Qb4 Qc7 26. Nb3 Nxb3 27. Bb6 Qe7 {[%emt 0:00:18][%cal Og7d4] [#] ...Bd4+! is the strong threat.} 28. Qxb3 h5 (28... Be6 $5) 29. Qd3 Be6 30. f5 ({Much weaker is} 30. Qxd6 Bc3 31. c5 (31. Qxe7 Rxe7 32. Re3 Bxa5 $15) 31... Bxa5 32. Qxe7 Rxe7 $11) (30. Rf1 $14) 30... Bc8 31. fxg6 fxg6 32. Qxd6 Qxd6 33. Rxd6 Be6 34. Rc1 Bf8 35. Rd3 Bb4 36. Rb3 Bxa5 37. Bxa5 Rxa5 38. Rxb7 Rc5 39. Rc7 Bxc4 (39... Rf8 $11 {keeps the balance.}) 40. Bf1 {[%emt 0:00:31] White is more active.} Rxe4 41. Ra1 (41. Ra7 $14) 41... Bf7 42. Ra8+ Re8 43. Raa7 {[%emt 0:00:39] Weighted Error Value: White=0.11 (very precise) /Black=0.10 (very precise) .  Mistake:       	White=3     	Black=1      Inaccurate:     	White=1     	Black=3      OK:         	White=12    	Black=15     Best:        	White=2     	Black=1} 1/2-1/2

[Event "Czech Extraliga 2023-24"]
[Site "Czech Republic"]
[Date "2024.04.06"]
[Round "10.2"]
[White "Antoniewski, Rafal"]
[Black "Michalik, Peter"]
[Result "0-1"]
[ECO "E06"]
[WhiteElo "2461"]
[BlackElo "2571"]
[Annotator "TA"]
[PlyCount "148"]
[EventDate "2023.10.14"]
[EventCountry "CZE"]
[SourceTitle "playchess.com"]
[Source "ChessBase"]
[SourceQuality "1"]
[TimeControl "40/5400+30:1800+30"]

1. c4 e6 2. Nf3 d5 3. d4 Nf6 4. Qc2 Be7 5. g3 O-O 6. Bg2 c5 7. dxc5 Qa5+ 8. Bd2 Qxc5 9. Na3 Nc6 10. cxd5 {[%emt 0:01:37] The position is equal.} Qxc2 11. Nxc2 Nxd5 12. O-O Bf6 13. Rab1 Rd8 14. Rfd1 e5 15. Ng5 h6 16. Ne4 Be7 17. Ne3 {[%emt 0:16:42] Threatens to win with Nxd5.} Be6 18. Nxd5 Rxd5 19. Nc3 Rd7 20. Bxc6 bxc6 21. Be3 Rad8 22. Rxd7 Rxd7 23. Rc1 c5 24. Ne4 c4 25. Nd2 Rc7 26. Rc2 a6 27. Bb6 Rc8 (27... Rb7 $5 28. Ba5 $8 Rb5 $15) 28. Ba5 f6 29. Kf1 Kf7 30. Ke1 g5 31. Kd1 g4 32. e4 h5 33. Ke2 Rb8 34. a3 Rb5 35. Bc3 a5 36. Rc1 a4 37. Nf1 f5 38. Ne3 fxe4 39. Rd1 Bc5 (39... Kf6 $15) 40. Nc2 $11 Bb6 41. Nb4 Ke7 42. Nc6+ Kf6 43. Nb4 Bc7 44. Na6 Ba5 45. Nb4 Bxb4 46. Bxb4 {[%emt 0:00:00][%mdl 4096] Endgame. KRB-KRB} Bd5 47. Bc3 (47. Ke3 $11 {feels stronger.}) 47... Ke6 $15 48. h4 gxh3 49. Rh1 Kf6 {[%emt 0:00:00] Strongly threatening ...Be6.} 50. Rxh3 Be6 51. Rh1 Bg4+ $1 52. Kd2 Rd5+ 53. Kc2 {[%emt 0:00:00] [#]} (53. Kc1 $17) 53... e3 $1 $19 54. fxe3 {[%emt 0:00:00] [#]} Kf5 $1 55. Rf1+ Ke4 56. Bd2 Bf3 57. Rf2 Rd3 58. Rh2 Bg4 59. Rf2 {[%emt 0:00:05] [#]} Bf5 $1 {[%emt 0:00:00] Black is more active.} 60. Kc1 Rd7 61. Kc2 Rg7 62. Be1 Bg4 (62... Kxe3+ $2 {perishes.} 63. Rxf5 e4 64. Bd2+ (64. Rxh5 Ke2 $18) 64... Ke2 65. Rxh5 $18) 63. Kc3 $2 {[%emt 0:05:04] This costs White the game.} (63. Bd2 $17 {was necessary.}) 63... Kxe3 64. Rf6 Ke2 65. Bf2 Bf3 66. Bc5 Rxg3 {[%emt 0:00:36] aiming for ...h4.} 67. Kxc4 (67. Rh6 {was worth a try.}) 67... h4 {[%emt 0:01:43] Black is clearly winning.} 68. Rh6 Rg4+ 69. Kc3 Bd5 70. b4 axb3 71. Bd6 Rc4+ 72. Kxb3 Rc6+ 73. Kb4 {[%emt 0:00:06] [#]} h3 $1 74. Kb5 (74. a4 e4) 74... Bf3 {[%emt 0:00:20] Weighted Error Value: White=0.05 (flawless) /Black=0.04 (flawless) .  Loses game:     	White=1     	---        Mistake:       	White=3     	Black=1      Inaccurate:     	White=3     	---        OK:         	White=30    	Black=23     Best:        	White=5     	Black=5      Strong:       	---       	Black=3      Brilliant:      	---       	Black=1} 0-1

[Event "Czech Extraliga 2023-24"]
[Site "Czech Republic"]
[Date "2024.04.06"]
[Round "10.2"]
[White "Sulypa, Oleksandr"]
[Black "Neugebauer, Martin"]
[Result "1-0"]
[ECO "A14"]
[WhiteElo "2458"]
[BlackElo "2525"]
[Annotator "TA"]
[PlyCount "71"]
[EventDate "2023.10.14"]
[EventCountry "CZE"]
[SourceTitle "playchess.com"]
[Source "ChessBase"]
[SourceQuality "1"]
[TimeControl "40/5400+30:1800+30"]

1. Nf3 Nf6 2. c4 e6 3. g3 d5 4. Bg2 Be7 5. O-O O-O 6. b3 b6 7. Bb2 Bb7 8. e3 c5 9. Nc3 dxc4 10. bxc4 Nc6 11. Qe2 Rc8 12. Ne1 Qd7 13. f4 Rfd8 14. Rd1 {[%emt 0:05:28] White has an edge.} Na5 15. d3 Bxg2 16. Nxg2 a6 17. a4 Ne8 {[%emt 0:04:03] [#]} ({Black should try} 17... Nc6 $11) 18. f5 $1 $14 Bf6 (18... Nf6 19. g4) 19. fxe6 fxe6 20. Nf4 $1 Nc6 21. Qg4 (21. Ne4 $16 Qe7 22. d4) 21... Ne5 22. Qh3 (22. Qh5 {feels hotter.} Nd6 23. Ne4 Nxe4 24. Bxe5 Qf7 25. Qxf7+ Kxf7 26. Nh5) 22... Nd6 {[%emt 0:01:28] Against Ne4} 23. g4 ({Don't do} 23. Qxe6+ $6 Qxe6 24. Nxe6 Re8 $18) (23. Nxe6 Re8 24. Rxf6 gxf6 $11) (23. Ne4 $1 $14 Nf3+ (23... Qxa4 $2 24. Nxf6+ gxf6 25. Bxe5 $18) (23... Nxe4 24. dxe4 Qe7 25. Rxd8+ Rxd8 26. Qxe6+ Qxe6 27. Nxe6 $16) 24. Rxf3 Nxe4 25. Bxf6 (25. Qxe6+ $2 Qxe6 26. Nxe6 Bxb2 $19) 25... Nxf6 26. Qxe6+ (26. Nxe6 Re8 $11) 26... Qxe6 27. Nxe6) 23... Rf8 24. Qg2 (24. Ne4 $5 Nxe4 25. dxe4 $11) 24... Qe7 25. Kh1 Rcd8 {[%emt 0:04:34] [#]} (25... Nc6 $11) 26. g5 $1 Bxg5 {[%emt 0:00:09] [#]} 27. Ncd5 exd5 28. Nxd5 Qe6 {[%emt 0:01:50] Strongly threatening ...h6.} (28... Rxf1+ 29. Rxf1 Qe8 30. Qxg5 $18) 29. Qxg5 Ng6 {[%emt 0:02:44] Repels Ne7+} 30. e4 Nf7 ({Black should play} 30... Rxf1+ $1 $11 31. Rxf1 Rf8 32. Rxf8+ Kxf8) 31. Qg3 {[%emt 0:00:16] Threatens to win with h4. Really sharp! White has more active pieces.} Nfe5 32. Bc3 $40 {[%emt 0:01:39][%mdl 128] White attacks.} (32. Kg2 $16) 32... Rb8 $2 {[%emt 0:00:51][%mdl 8192] [#]} (32... Rf7 $1 $11 {and Black stays safe.}) 33. Rf5 $1 $18 Rxf5 (33... Nc6 34. Rdf1 Nd4 35. Bxd4 cxd4) 34. exf5 {[%emt 0:00:02] White is clearly winning.} Qxf5 {[%emt 0:00:10] [#]} 35. Ne7+ $1 Nxe7 36. Bxe5 {[%emt 0:00:04] Weighted Error Value: White=0.17 (very precise) /Black=0.41.  Loses game:     	---       	Black=1      Mistake:       	White=3     	Black=4      Inaccurate:     	White=2     	Black=1      OK:         	White=5     	Black=8      Best:        	White=1     	---        Strong:       	White=2     	---        Brilliant:      	White=1     	---} 1-0

[Event "Czech Extraliga 2023-24"]
[Site "Czech Republic"]
[Date "2024.04.06"]
[Round "10.3"]
[White "L'Ami, Erwin"]
[Black "Nguyen, Thai Dai Van"]
[Result "1/2-1/2"]
[ECO "D02"]
[WhiteElo "2634"]
[BlackElo "2643"]
[Annotator "TA"]
[PlyCount "42"]
[EventDate "2023.10.14"]
[EventCountry "CZE"]
[SourceTitle "playchess.com"]
[Source "ChessBase"]
[SourceQuality "1"]
[TimeControl "40/5400+30:1800+30"]

1. d4 Nf6 2. Nf3 d5 3. Bf4 e6 4. e3 c5 5. Nbd2 Qb6 6. Rb1 Bd6 7. dxc5 Qxc5 8. Bd3 Nbd7 {[%emt 0:10:46] [#] aiming for ...e5.} 9. Bg3 (9. b4 $14 {should be considered.} Qc7 10. Bxd6 Qxd6 11. c4) 9... b6 10. O-O (10. b4 $5 Qc7 $8 11. c4 $11) 10... Bxg3 11. hxg3 Bb7 12. Qe2 O-O 13. Rfc1 Qe7 14. Ba6 {[%emt 0:07:07] The position is equal.} Nc5 15. Bxb7 Qxb7 16. c4 Rac8 17. Rc2 Nce4 18. Nxe4 Nxe4 19. cxd5 Qxd5 20. Rbc1 Rxc2 21. Qxc2 Nc5 {[%emt 0:05:04] Not much happened in this game.   Weighted Error Value: White=0.09 (flawless) /Black=0.05 (flawless) .  Mistake:       	White=1     	---        OK:         	White=5     	Black=4} 1/2-1/2

[Event "Czech Extraliga 2023-24"]
[Site "Czech Republic"]
[Date "2024.04.06"]
[Round "10.3"]
[White "Hracek, Zbynek"]
[Black "Volosin, Leon"]
[Result "1-0"]
[ECO "C42"]
[WhiteElo "2537"]
[BlackElo "2400"]
[Annotator "TA"]
[PlyCount "135"]
[EventDate "2023.10.14"]
[EventCountry "CZE"]
[SourceTitle "playchess.com"]
[Source "ChessBase"]
[SourceQuality "1"]
[TimeControl "40/5400+30:1800+30"]

1. e4 e5 2. Nf3 Nf6 3. Nxe5 d6 4. Nd3 Nxe4 5. Qe2 Qe7 $1 6. Nf4 Nf6 {[%emt 0:00:49] Wards off Nd5} 7. d4 Qxe2+ 8. Bxe2 {[%emt 0:00:22] White has an edge.} Be7 9. f3 O-O 10. Kf2 d5 11. Nc3 c6 12. Bd3 Ne8 13. Re1 Bf6 14. Nce2 g6 15. b3 Ng7 16. g4 Ne6 17. c3 Re8 18. Kg3 (18. Nxe6 {looks sharper.} Bh4+ 19. Ng3 Rxe6 20. Bd2) 18... Nxf4 19. Bxf4 Be6 20. Bh6 Nd7 21. Nf4 Nf8 22. h4 Bd7 23. a4 Ne6 24. Nxe6 Rxe6 25. Rxe6 Bxe6 26. b4 a6 27. Rb1 Bd7 28. Bf4 Bg7 29. h5 Bf6 30. Be5 Bg7 31. g5 Bf8 32. hxg6 fxg6 33. c4 Be6 34. c5 Bd7 35. Rb3 Be7 (35... Bg7 $142) 36. f4 $16 Kf7 (36... Bf8 $16 37. b5 axb5) 37. b5 (37. Be2 $18) 37... axb5 $14 38. axb5 Ra1 {[%emt 0:00:25] Inhibits Bf1.} (38... Bf8 $16) 39. bxc6 $18 bxc6 40. Rb7 $1 Ke8 {[%emt 0:02:00] ...Ra3 is the strong threat.} 41. Kf2 {[%emt 0:03:51] White is more active.} (41. Rb8+ $1 $16 Kf7 42. Kf3 (42. Rh8 Ra3 $11)) 41... Ra8 $14 42. Ke3 Bc8 43. Rb6 Bd7 44. Rb2 Bg4 45. Kd2 Bd7 46. Kc2 Bg4 47. Kb1 Kf7 (47... Bd8 $16 {was worth a try.}) 48. Rh2 $1 $18 Bh5 49. Be2 Bxe2 50. Rxe2 {[%emt 0:00:01][%mdl 4096] Endgame. KRB-KRB} Bf8 {[%emt 0:01:30] [#]} 51. Rb2 $1 h5 52. gxh6 ({Weaker is} 52. Rb6 Rc8 $11) 52... Bxh6 53. Rb7+ ({Resist} 53. Rb6 $6 Rc8 $16) 53... Ke6 54. Rh7 $2 {[%emt 0:05:15] Prevents Rf8.} ({White must play} 54. Rc7 $18 Rf8 55. Rxc6+ Kf5 56. Kc2) 54... Bf8 $14 55. Rc7 ({White should play} 55. Kc2 $14) 55... Ra6 $11 56. Kc2 Be7 57. Kd3 Bf6 58. Ke3 Ra3+ 59. Kf2 Bxe5 60. fxe5 {[%emt 0:00:05] KR-KR} Kf5 61. Rxc6 {[%emt 0:00:06] Rf6+ would now be deadly.} Rd3 $2 (61... Ke4 $11) 62. Rf6+ {[%emt 0:00:29] White mates.} Kg5 63. Rf7 Rxd4 {[%emt 0:00:04] [#]} 64. c6 $1 Rc4 65. c7 Kh6 66. e6 g5 67. e7 Rxc7 68. e8=Q {[%emt 0:00:09] Weighted Error Value: White=0.19 (very precise) /Black=0.14 (very precise) .  Loses game:     	---       	Black=1      Missed win:     	White=1     	---        Mistake:       	White=3     	Black=4      Inaccurate:     	White=1     	Black=5      OK:         	White=15    	Black=15     Best:        	White=2     	Black=5      Strong:       	White=3     	---} ({Inferior is} 68. e8=B Rxf7+ 69. Bxf7 g4 $11) 1-0

[Event "Czech Extraliga 2023-24"]
[Site "Czech Republic"]
[Date "2024.04.06"]
[Round "10.3"]
[White "Babula, Vlastimil"]
[Black "Plat, Vojtech"]
[Result "1/2-1/2"]
[ECO "E94"]
[WhiteElo "2530"]
[BlackElo "2506"]
[Annotator "TA"]
[PlyCount "102"]
[EventDate "2023.10.14"]
[EventCountry "CZE"]
[SourceTitle "playchess.com"]
[Source "ChessBase"]
[SourceQuality "1"]
[TimeControl "40/5400+30:1800+30"]

1. d4 d6 2. c4 e5 3. Nf3 exd4 4. Nxd4 g6 5. Nc3 Bg7 6. e4 Nc6 7. Be3 Nf6 8. Be2 O-O 9. O-O Re8 10. f3 Nd7 11. Qd2 Nc5 12. Rad1 {[%emt 0:02:51] aiming for Nxc6.} Ne6 13. Nxc6 {[%emt 0:14:46] White is slightly better.} bxc6 {[%emt 0:00:34] [#]} 14. c5 $1 dxc5 15. Qxd8 Rxd8 16. Rxd8+ Nxd8 17. Bxc5 Ne6 18. Be3 Bd7 19. Rd1 Be8 20. Bc4 a5 21. Bxe6 fxe6 22. Na4 Kf7 23. b3 e5 24. Kf2 {[%emt 0:01:01] White has more active pieces.} Bf6 25. Bc5 $36 {[%emt 0:07:01][%mdl 2048] White is on the roll.} h5 26. h3 h4 27. Ba3 Be7 28. Bxe7 Kxe7 $16 {[%emt 0:00:01][%mdl 4096] Endgame. KRB-KRN} 29. Nc5 Rb8 30. a4 g5 (30... Rb4 $16 31. g3 g5) 31. Ke3 Rb6 32. Rd3 Rb8 33. Kd2 Rb6 34. Kc2 Rb8 35. Kc3 Rb4 36. Rd1 Rb6 37. Rd2 Rb8 38. Kb2 Rb6 39. Kc3 (39. Kc2 $142) 39... Rb8 $1 40. Nd3 Bf7 41. b4 (41. Nxe5 Rxb3+ 42. Kd4 (42. Kc2 Ra3 $11) 42... Rb4+ 43. Kc5 Rxa4) 41... axb4+ 42. Nxb4 Ra8 43. Nxc6+ {[%emt 0:07:08] White is better.} Kf6 44. Kb4 $1 {[%emt 0:00:59] a5 is the strong threat.} Be8 45. Rc2 {[%emt 0:00:30] a5 would now be deadly.} Ke6 {[%emt 0:00:32] [#]} 46. Na5 $1 Rb8+ 47. Ka3 Ra8 48. Rc5 Bd7 {[%emt 0:04:28] [#]} 49. Nc4 ({White should play} 49. Rd5 $1) 49... Rxa4+ 50. Kb3 Ra1 51. Nxe5 Rb1+ {[%emt 0:00:36] White really could win this.   Weighted Error Value: White=0.08 (flawless) /Black=0.07 (flawless) .  Mistake:       	White=2     	Black=1      Inaccurate:     	White=1     	Black=2      OK:         	White=20    	Black=12     Best:        	White=3     	Black=11     Strong:       	White=2     	Black=1} 1/2-1/2

[Event "Czech Extraliga 2023-24"]
[Site "Czech Republic"]
[Date "2024.04.06"]
[Round "10.3"]
[White "Petr, Martin"]
[Black "Jakubowski, Krzysztof"]
[Result "1/2-1/2"]
[ECO "C45"]
[WhiteElo "2474"]
[BlackElo "2462"]
[Annotator "TA"]
[PlyCount "83"]
[EventDate "2023.10.14"]
[EventCountry "CZE"]
[SourceTitle "playchess.com"]
[Source "ChessBase"]
[SourceQuality "1"]
[TimeControl "40/5400+30:1800+30"]

1. e4 e5 2. Nf3 Nc6 3. d4 exd4 4. Nxd4 Nf6 5. Nxc6 bxc6 6. e5 Qe7 7. Qe2 Nd5 8. c4 Nb6 9. Nc3 a5 10. Qe4 (10. Be3 $142) 10... Ba6 11. Bd2 Qe6 12. b3 {[%emt 0:01:54] White has an edge.} g6 13. Bd3 Bg7 ({Black should play} 13... Bb4 $11) 14. f4 (14. O-O $1 $14 {might be stronger.}) 14... O-O $11 15. O-O d5 16. cxd5 cxd5 17. Qe2 Bxd3 18. Qxd3 c6 {[%emt 0:01:58] Prevents Nb5.} 19. Rac1 Rfc8 20. Rfd1 g5 21. fxg5 Nd7 22. Ne2 Bxe5 (22... Qxe5 23. Bf4 Qe7 24. Ng3 $16) 23. Nd4 (23. Ng3 $14) 23... Bxd4+ 24. Qxd4 c5 $1 25. Qf2 {[%emt 0:01:08] Threatening Re1.} Re8 (25... d4 $11 {keeps the balance.}) 26. Rf1 {[%emt 0:02:23] White is more active.} (26. Re1 $16 Qd6 27. Rf1) 26... a4 (26... d4 $1 $11) 27. bxa4 (27. Rce1 $16 Qg6 28. Qf3) 27... d4 28. a5 Qd5 29. Qf5 Qxf5 30. Rxf5 Re2 31. Be1 Ne5 {[%emt 0:01:49] [#] Threatens to win with ...Nd3.} 32. Bg3 Nd3 {[%emt 0:00:29][%mdl 1024] Black has compensation.} 33. Rcf1 c4 $1 (33... Rxa5 34. Rxf7 Raxa2 35. Rf8+ Kg7 36. R8f7+ Kg8 (36... Kg6 37. R1f6+ Kxg5 38. h4+ Kh5 39. Rxh7+ Kg4 40. Rg7+ Kh5 41. Rg5#) 37. Rf8+ Kg7 38. R8f7+ Kg8 $11 (38... Kg6 39. R1f6+ Kxg5 40. h4+ Kh5 41. Rxh7+ Kg4 42. Rg7+ Kh5 43. Rg5#)) 34. Rd5 Re4 35. Rd7 c3 36. Rc7 {[%emt 0:00:04] The position is equal.} (36. Rfxf7 $5 c2 $8 37. Rg7+ Kf8 (37... Kh8 38. Rxh7+ Kg8 39. Rdg7+ Kf8 40. Bd6+) 38. Rdf7+ (38. Bd6+ $2 Ke8 $19) 38... Ke8 39. Rc7 c1=Q+ (39... c1=R+ 40. Rxc1 Nxc1 41. Rg8+ Ke7 42. Rxa8 $11) 40. Rxc1 Nxc1 41. Rg8+ (41. Rxh7 $2 Ne2+ 42. Kf1 Nxg3+ 43. hxg3 d3 $19) 41... Kd7 42. Rxa8 $11) 36... Ne5 37. Bxe5 Rxe5 38. Rfxf7 {[%emt 0:00:03] aiming for Rg7+.} c2 (38... Rexa5 39. Rg7+ (39. Rxh7 R5a7 $11) 39... Kf8 40. Rcf7+ (40. Rxh7 Kg8 $11) 40... Ke8 41. Rc7) 39. Rg7+ (39. Rxh7 $2 c1=Q+ (39... Rexa5 40. g6 $11) (39... Raxa5 $2 40. Rhd7 $18) (39... Re1+ $2 40. Kf2 $19) 40. Rxc1 Kxh7 41. Rc7+ Kg6 $19) 39... Kf8 40. Rxh7 Kg8 {[%emt 0:00:26] Against Rh8+} (40... Re1+ $2 41. Kf2 $18) 41. Rhg7+ Kh8 42. Rh7+ $1 {[%emt 0:00:36] Weighted Error Value: White=0.16 (very precise) /Black=0.17 (very precise) .  Mistake:       	White=4     	Black=3      Inaccurate:     	White=1     	Black=5      OK:         	White=10    	Black=12     Best:        	White=2     	Black=3      Strong:       	White=1     	Black=2} ({But not} 42. Rgd7 $2 Re1+ (42... Raxa5 43. Rd8+) 43. Kf2 c1=Q (43... c1=R 44. Rh7+ Kg8 45. Rcg7+ Kf8 46. Rb7 $11) 44. Rxc1 (44. Rh7+ $2 Kg8 $19) 44... Rxc1 45. Rxd4 Rxa5 $19) 1/2-1/2

[Event "Czech Extraliga 2023-24"]
[Site "Czech Republic"]
[Date "2024.04.06"]
[Round "10.3"]
[White "Cernousek, Lukas"]
[Black "Stalmach, Richard"]
[Result "0-1"]
[ECO "E63"]
[WhiteElo "2440"]
[BlackElo "2446"]
[Annotator "TA"]
[PlyCount "82"]
[EventDate "2023.10.14"]
[EventCountry "CZE"]
[SourceTitle "playchess.com"]
[Source "ChessBase"]
[SourceQuality "1"]
[TimeControl "40/5400+30:1800+30"]

1. d4 Nf6 2. c4 g6 3. g3 Bg7 4. Bg2 O-O 5. Nc3 d6 6. Nf3 Nc6 7. d5 Na5 8. b3 a6 9. O-O Rb8 10. Bg5 c5 11. dxc6 $1 Nxc6 {[%emt 0:00:52][%cal Ba5c6,Bc6e5,Be5d7,Bd7c5][%mdl 32] White is slightly better.} 12. Rc1 h6 13. Bd2 Be6 14. Ne1 Ne5 15. Nd5 Kh7 16. Nc2 Bxd5 17. cxd5 Qb6 18. Bc3 Rfc8 19. Qd2 Ned7 20. Bd4 {[%emt 0:08:18] This pair of bishops is nice.} Qd8 21. Ne3 Rxc1 22. Rxc1 Rc8 23. Rxc8 Qxc8 24. Nc4 Nc5 25. Qe3 Ng4 26. Qf4 Bxd4 27. Qxd4 b5 28. Nb6 Qf5 29. e4 Qh5 30. h3 Ne5 {[%emt 0:00:01] Strongly threatening ...Qe2.} 31. Nc8 Qe2 (31... Nf3+ {simplifies} 32. Bxf3 Qxf3 33. e5 Ne4) 32. Nxe7 Ncd3 {[%emt 0:01:07] [#] ...Qe1+ would now be deadly.} 33. f4 $2 (33. Nc6 $11) 33... Nf3+ $19 34. Bxf3 Qxf3 {[%emt 0:00:01][%mdl 4096] Endgame. KQN-KQN} 35. Kh2 Qe2+ 36. Kg1 Qf3 $40 {[%emt 0:00:04][%mdl 128] Black has some attack.} (36... Qd1+ $142 37. Kh2 Qe2+ (37... Qc2+ $2 38. Kg1 $19) 38. Kg1 Qf3 39. Nxg6 Qxg3+ (39... Kxg6 $2 40. Kh2 $19) (39... fxg6 40. Qa7+ Kh8 41. Qb8+ Kh7 42. Qc7+ Kg8 43. Qc8+ Kg7 44. Qd7+ Kg8 45. Qd8+ Kh7 46. Qe7+ Kg8 47. Qd8+ Kh7 48. Qe7+ Kg8 49. Qd8+ $11) 40. Kf1 Qf3+ (40... fxg6 41. Qa7+ Kg8 42. Qb8+ Kg7 43. Qc7+ Kh8 44. Qb8+ Kg7 45. Qc7+ Kf8 46. Qxd6+ Kf7 47. Qe6+ Kf8 48. Qc8+ Kg7 49. Qd7+ Kf8 50. Qd8+ Kf7 51. Qd7+ Kf8 52. Qd8+ Kf7 53. Qd7+ Kg8 54. Qc8+ Kf7 55. Qc7+ Kf6 56. Qd8+ Kf7 $11) (40... Kxg6 $2 41. f5+ Kh7 42. Ke2 $19) (40... Qxh3+ $2 41. Ke2 $19) 41. Kg1 Kxg6 (41... fxg6 42. Qa7+ Kh8 43. Qb8+ Kg7 44. Qc7+ Kf8 45. Qd8+ Kg7 46. Qe7+ Kg8 47. Qe8+ Kg7 48. Qe7+ Kg8 49. Qd8+ Kf7 50. Qd7+ Kg8 51. Qc8+ Kh7 52. Qd7+ Kg8 53. Qd8+ Kf7 54. Qd7+ Kg8 $11) 42. f5+ Kh7) 37. Kh2 Ne1 {[%emt 0:00:18] Black is clearly winning.} 38. Qb2 {[%emt 0:00:56] Inhibits Qg2+.} Qxe4 (38... Qf1 $142 39. g4 Nf3+ (39... Qxf4+ $2 40. Kg1 $19) 40. Kg3 Ng1 (40... Qd3 $2 41. Qf6 $19)) 39. Nc8 Nf3+ 40. Kg2 Nd4+ 41. Kg1 Qe1+ {[%emt 0:02:31] Weighted Error Value: White=0.55/Black=0.64.  Loses game:     	White=1     	---        Inaccurate:     	White=2     	Black=2      OK:         	White=9     	Black=13     Best:        	White=2     	Black=1      Strong:       	White=1     	---} 0-1

[Event "Czech Extraliga 2023-24"]
[Site "Czech Republic"]
[Date "2024.04.06"]
[Round "10.3"]
[White "Hrbek, Stepan"]
[Black "Cyborowski, Lukasz"]
[Result "0-1"]
[ECO "D36"]
[WhiteElo "2407"]
[BlackElo "2482"]
[Annotator "TA"]
[PlyCount "68"]
[EventDate "2023.10.14"]
[EventCountry "CZE"]
[SourceTitle "playchess.com"]
[Source "ChessBase"]
[SourceQuality "1"]
[TimeControl "40/5400+30:1800+30"]

1. d4 d5 2. c4 e6 3. Nc3 Nf6 4. cxd5 exd5 5. Bg5 c6 6. e3 h6 7. Bh4 Be7 8. Bd3 O-O 9. Qc2 Re8 10. Nge2 a5 11. O-O Na6 12. a3 {[%emt 0:02:02] Prevents Nb4.} Nc7 {[%emt 0:02:05] White has an edge.} 13. f3 c5 14. b3 Bd7 15. Qd2 Ne6 16. dxc5 Bxc5 17. Bxf6 Qxf6 18. Nxd5 Qe5 {[%emt 0:12:55][%cal Od7c6] [#] Hoping for ...Bc6!} 19. f4 Qd6 {[%emt 0:01:00][%cal Oe6c7][%mdl 1024] ...Nc7! would now be deadly. Black has compensation.} (19... Qxd5 $2 20. Bh7+ Kxh7 21. Qxd5 $18) 20. b4 Kf8 (20... Qxd5 $2 21. Bh7+ (21. bxc5 $2 Bc6 $17) 21... Kxh7 22. Qxd5 $18) (20... Bc6 $5 21. Nf6+ gxf6 22. bxc5 Qd5 $11 (22... Nxc5 $2 23. Bh7+ Kxh7 24. Qxd6 $18)) 21. Bc4 Ba7 22. Qd3 (22. bxa5 Nc7 23. Kh1 Nxd5 24. Bxd5 Bxe3 $15 (24... Rxe3 25. Ng3 $11)) 22... Nc7 {[%emt 0:13:34] And now ...Nxd5 would win.} (22... Bc6 {simplifies} 23. Kh1 Bxd5 24. Qxd5 Qxd5 25. Bxd5 Rab8) 23. Nxc7 (23. Nec3 $11 Nxd5 24. Nxd5) 23... Bxe3+ 24. Kh1 Qxc7 25. Bd5 Qd6 26. Nc3 ({Better is} 26. Rad1 $15) 26... axb4 $19 27. Ne4 Bf5 ({Black should try} 27... Qb6 $19 {Threatens to win with ...Bb5.} 28. Rfe1 (28. Bxf7 $2 Bb5 $19) 28... Bd4 (28... Bxf4 29. Bxf7 Bb5 30. Qb3 $11)) 28. Nxd6 $15 Bxd3 {[%emt 0:00:04] This pair of bishops is nice.} 29. Rfd1 (29. Rfe1 $17 Re7 30. axb4 Rxa1 31. Rxa1) 29... Red8 $19 30. Bxb7 $2 (30. Rxd3 {was the only defense.} Rxd6 31. g3) 30... Rxa3 {[%emt 0:00:24] Black is clearly winning.} 31. Rxa3 bxa3 32. Rxd3 a2 ({Stronger than} 32... Bxf4 33. Rxa3 Rxd6 (33... Bxd6 34. Ra2 $15) 34. Bf3 $11) 33. Rd1 {[%emt 0:00:28] [#]} Rxd6 $1 34. Ra1 Rd2 {[%emt 0:00:26] Weighted Error Value: White=0.49/Black=0.10 (very precise) .  Mistake:       	White=4     	Black=1      Inaccurate:     	White=3     	Black=1      OK:         	White=9     	Black=8      Best:        	White=1     	Black=5} (34... Bxf4 $2 35. g3 $19) 0-1